Map: Abyssal Reef LE

Players

JonSnow

  • Race: Zerg Zerg
  • Spawn Location: 11:00

Nerchio - Winner!

  • Race: Zerg Zerg
  • Spawn Location: 5:00

Event: WCS Austin 2017

VOD

Have the link to the VOD?

Description

Time

  • Played on: April 29, 2017, 2:51 p.m.
  • Length: 14:17

All games in this series

Show
View Real Time Build Order
Export as new Build Order

JonSnow Zerg 

Build Orders: Pool First, Zergling Baneling 

Get SALT Encoding   

  12  0:01  Drone  
  13  0:13  Extractor  
  12  0:24  Spawning Pool  
  11  0:29  Drone  
  11  0:34  Drone  
  13  0:39  Drone  
  14  0:49  Overlord  
  14  1:11  Zergling x4  
  14  1:12  Zergling x2  
  14  1:16  Baneling Nest  
  16  1:23  Zergling x2  
  17  1:32  Queen  
  17  1:37  Zergling x2  
  20  1:45  Zergling x2  
  21  1:55  Zergling x2  
  22  2:07  Overlord  
  22  2:08  Metabolic Boost  
  22  2:11  Baneling x2  
  22  2:25  Queen  
  22  2:28  Baneling  
  24  2:35  Baneling  
  24  2:41  Drone x2  
  26  2:44  Drone  
  26  2:48  Baneling  
  26  2:51  Drone  
  27  2:57  Drone  
  28  3:04  Drone x2  
  26  3:39  Hatchery  
  26  3:41  Zergling x8  
  26  3:44  Drone  
  30  3:50  Overlord  
  29  3:58  Baneling x3  
  29  4:01  Overlord  
  29  4:09  Zergling x2  
  25  4:31  Drone x3  
  25  4:32  Drone  
  29  4:41  Drone  
  29  4:47  Baneling x2  
  29  4:49  Drone x3  
  32  4:55  Zergling x2  
  33  5:06  Drone x2  
  35  5:07  Queen  
  35  5:12  Drone  
  38  5:18  Overlord  
  37  5:30  Zergling x4  
  37  5:31  Drone x2  
  37  5:32  Drone x2  
  42  5:37  Drone x2  
  42  5:41  Hatchery  
  43  5:46  Roach Warren, Drone x3  
  43  5:48  Drone  
  46  5:52  Drone  
  46  5:53  Evolution Chamber  
  46  5:55  Drone  
  47  6:03  Drone x3  
  50  6:11  Drone x2  
  52  6:16  Extractor  
  52  6:17  Extractor  
  52  6:18  Drone x3  
  53  6:19  Drone x2  
  53  6:22  Lair  
  53  6:23  Zerg Missile Weapons Level 1  
  55  6:27  Drone x3  
  57  6:33  Roach  
  57  6:35  Baneling  
  59  6:42  Overlord  
  59  6:46  Overlord  
  59  6:48  Unknown  
  59  6:49  Overlord x3  
  59  7:04  Drone  
  59  7:05  Drone x6  
  66  7:09  Drone x2  
  66  7:13  Extractor  
  64  7:22  Queen  
  64  7:24  Roach x2  
  64  7:25  Roach x6  
  64  7:29  Glial Reconstitution  
  82  7:30  Overlord  
  82  7:34  Overseer  
  82  7:38  Drone x2  
  82  7:39  Overlord x2  
  82  7:41  Roach x3  
  90  7:48  Roach x3  
  96  7:59  Roach x3  
  96  8:00  Hatchery  
  96  8:02  Overlord  
  101  8:06  Roach x2  
  101  8:09  Ravager  
  101  8:11  Overlord x2  
  106  8:14  Roach  
  106  8:15  Roach x2  
  112  8:21  Zerg Missile Weapons Level 2  
  112  8:25  Roach  
  112  8:27  Roach  
  116  8:32  Extractor, Roach x2  
  119  8:35  Drone  
  119  8:38  Drone x3  
  119  8:39  Roach x2  
  119  8:40  Roach  
  129  8:44  Baneling  
  129  8:46  Overlord x2  
  129  8:47  Overlord  
  129  8:53  Drone x4  
  133  8:56  Queen  
  133  9:00  Roach x2  
  138  9:03  Overlord x3  
  138  9:09  Roach x3  
  144  9:11  Ravager x2  
  144  9:13  Ravager  
  147  9:22  Roach x5  
  157  9:30  Roach x4  
  165  9:43  Roach x3  
  165  9:44  Roach x5  
  181  9:49  Overlord x2  
  181  9:50  Overseer  
  181  9:55  Extractor  
  181  9:58  Roach x5  
  181  9:59  Roach  
  192  10:02  Overlord x2  
  165  10:22  Roach x9  
  165  10:27  Roach x4  
  161  10:29  Roach  
  161  10:32  Roach x2  
  165  10:40  Roach x3  
  165  10:41  Extractor, Roach  
  148  10:45  Roach x3  
  146  10:50  Roach  
  146  10:52  Ravager  
  149  10:58  Roach x3  
  149  11:04  Roach x3  
  161  11:10  Roach  
  161  11:11  Overseer, Roach  
  165  11:14  Unknown x7, Hatchery  
  165  11:15  Roach x2  
  165  11:18  Roach x3  
  175  11:21  Ravager  
  175  11:22  Overlord x2  
  176  11:27  Roach x2  
  176  11:28  Roach  
  176  11:31  Overlord  
  182  11:40  Overlord x3  
  180  11:47  Roach  
  180  11:48  Roach x5  
  171  11:57  Hatchery, Roach x5  
  171  11:59  Ravager x3  
  171  12:00  Ravager  
  180  12:05  Ravager  
  180  12:08  Roach x3  
  187  12:09  Roach  
  187  12:13  Roach x2  
  193  12:19  Roach x3  
  199  12:28  Hatchery  
  199  12:34  Unknown, Ravager  
  199  12:35  Overseer  
  200  12:40  Unknown  
  181  13:06  Roach x10  
  181  13:07  Roach x5  
  178  13:15  Roach x5  
  150  13:21  Roach x3  
  124  13:35  Roach x5  
  124  13:38  Ravager x3  
  124  13:39  Unknown  
  137  13:49  Roach x3  
  137  13:50  Roach  
  137  13:51  Hatchery  
  144  13:56  Ravager x3  
Show
View Real Time Build Order
Export as new Build Order

Nerchio Zerg - Winner!

Build Orders: Pool First 

Get SALT Encoding   

  12  0:00  Drone  
  13  0:15  Extractor  
  12  0:24  Spawning Pool  
  11  0:28  Drone  
  11  0:33  Drone  
  13  0:39  Drone  
  14  0:51  Overlord  
  14  1:11  Zergling x6  
  16  1:14  Metabolic Boost  
  17  1:22  Zergling x2  
  18  1:33  Zergling x2  
  18  1:35  Baneling Nest  
  18  1:48  Zergling x2  
  18  1:52  Queen  
  21  2:02  Overlord  
  21  2:11  Zergling x2  
  22  2:21  Drone  
  23  2:25  Baneling x2  
  23  2:27  Drone  
  24  2:37  Drone  
  24  2:48  Drone  
  25  3:00  Hatchery  
  25  3:04  Drone  
  25  3:08  Drone  
  25  3:11  Drone  
  27  3:14  Baneling  
  27  3:24  Queen  
  28  3:29  Drone  
  28  3:34  Baneling  
  28  3:39  Drone  
  28  3:40  Drone  
  30  3:42  Overlord  
  30  3:56  Overlord  
  30  4:02  Drone x2  
  32  4:10  Baneling  
  32  4:11  Baneling x2  
  32  4:12  Drone x2  
  32  4:13  Drone x2  
  35  4:22  Zergling x2  
  35  4:29  Drone x2  
  35  4:32  Drone  
  35  4:33  Drone  
  36  4:41  Drone  
  36  4:42  Drone x2  
  36  4:44  Drone  
  39  4:46  Queen  
  39  4:50  Zergling x2  
  42  5:04  Hatchery  
  42  5:05  Zergling x2  
  42  5:10  Drone x2  
  42  5:11  Drone  
  45  5:15  Evolution Chamber  
  45  5:21  Drone x3  
  46  5:22  Drone  
  46  5:23  Drone  
  48  5:32  Roach Warren  
  48  5:35  Lair  
  46  5:37  Drone  
  46  5:39  Drone  
  48  5:44  Extractor, Drone x2  
  48  5:46  Overlord  
  48  5:49  Drone x2  
  51  5:58  Extractor, Overlord  
  51  6:00  Zerg Missile Weapons Level 1  
  50  6:05  Drone  
  50  6:09  Zergling x8  
  55  6:18  Roach x4  
  63  6:19  Roach  
  63  6:23  Roach  
  63  6:25  Overlord  
  67  6:30  Drone x3  
  67  6:31  Drone  
  71  6:33  Glial Reconstitution  
  71  6:35  Overseer  
  71  6:39  Overlord  
  71  6:41  Drone  
  71  6:42  Drone  
  71  6:46  Extractor  
  72  6:56  Roach x4  
  72  6:57  Drone  
  72  6:58  Drone x2  
  72  7:00  Drone x2  
  85  7:03  Drone x2  
  85  7:06  Drone x2  
  89  7:11  Overseer, Overlord  
  89  7:13  Overlord  
  89  7:17  Overlord  
  83  7:23  Drone x5  
  83  7:25  Drone  
  89  7:30  Infestation Pit  
  89  7:34  Drone x2  
  90  7:37  Extractor, Ravager x4  
  90  7:38  Extractor  
  90  7:39  Roach  
  90  7:40  Roach x2  
  90  7:41  Roach  
  100  7:44  Roach  
  100  7:45  Roach  
  100  7:49  Roach x2  
  108  7:56  Roach x3  
  108  7:58  Overlord  
  114  8:02  Zerg Missile Weapons Level 2  
  114  8:06  Overlord x2  
  114  8:14  Overlord x2  
  114  8:17  Drone x5  
  114  8:18  Drone  
  114  8:19  Drone  
  121  8:25  Roach x3  
  121  8:26  Roach  
  129  8:37  Infestor, Hatchery  
  129  8:38  Infestor  
  132  8:41  Infestor  
  132  8:48  Roach x4  
  142  8:52  Roach x2  
  142  8:54  Overlord  
  142  8:55  Overseer  
  146  8:59  Pneumatized Carapace  
  146  9:03  Overlord x2  
  146  9:04  Overlord  
  146  9:11  Overlord  
  146  9:13  Burrow  
  146  9:16  Roach x4  
  154  9:21  Roach  
  154  9:22  Roach x2  
  160  9:24  Unknown x2  
  160  9:25  Roach  
  160  9:27  Roach x2  
  160  9:28  Roach  
  160  9:31  Roach  
  170  9:34  Ravager x2  
  170  9:36  Roach x3  
  180  9:38  Roach  
  180  9:39  Roach  
  180  9:42  Roach  
  180  9:43  Roach  
  180  9:45  Overlord  
  180  9:47  Roach x2  
  180  9:50  Ravager x2  
  180  9:51  Ravager, Overlord  
  187  9:53  Roach  
  187  9:54  Overlord  
  189  10:01  Roach  
  189  10:03  Roach  
  189  10:04  Roach x3  
  199  10:12  Extractor  
  198  10:15  Roach  
  198  10:18  Roach x3  
  200  10:23  Roach x4  
  200  10:24  Roach x2  
  200  10:39  Roach  
  200  10:42  Roach x2  
  200  10:50  Zerg Ground Armor Level 1  
  200  10:51  Roach x49  
  200  10:56  Hive  
  200  10:59  Hydralisk Den  
  200  11:00  Tunneling Claws  
  199  11:13  Unknown x2  
  199  11:41  Muscular Augments  
  199  11:52  Infestor  
  179  11:55  Roach x8  
  179  11:56  Roach x3  
  179  11:58  Ravager  
  179  11:59  Ravager x2  
  198  12:14  Roach  
  200  12:26  Spine Crawler  
  200  12:28  Spine Crawler  
  200  12:29  Spine Crawler  
  197  12:30  Drone x3  
  182  13:06  Unknown x2  
  182  13:07  Roach x4  
  182  13:09  Roach x4  
  182  13:10  Roach x6  
  182  13:13  Roach x2  
  182  13:17  Roach x9  
  181  13:21  Roach x13  
  174  13:30  Roach x2  
  174  13:31  Roach x4  
  174  13:32  Roach x2  
  174  13:33  Queen, Roach  
  174  13:35  Roach  
  174  13:37  Ravager x6  
  174  13:40  Roach  
  184  13:43  Roach x2  
  184  13:47  Roach  
  190  13:48  Extractor  
  190  13:49  Ravager x3  
  190  13:50  Roach  
  190  13:52  Unknown  
  190  13:54  Roach  
  196  13:56  Hatchery  
Tags
 
Add a new tag
Caveats
  • Supply blocks, unpowered buildings, or Contaminate may cause inaccurate times.
  • Supply counts are checked every 10 seconds.